 Dungeon Crawl Stone Soup version 0.32-a0-411-g744942f433 (webtiles) character file.

Game seed: 15813934173094065928

128 eruonna the Insei (level 4, 0/51 HPs)
             Began as a Demigod Shapeshifter on Feb 20, 2024.
             Slain by a hobgoblin (2 damage)
             ... on level 2 of the Dungeon.
             The game lasted 00:09:43 (1542 turns).

eruonna the Insei (Demigod Shapeshifter)            Turns: 1542, Time: 00:09:44

Health: 0/51       AC: 22    Str: 13 (15) XL:     4   Next: 57%
Magic:  6/6        EV:  2    Int: 10 (12) God:
Gold:   18         SH:  0    Dex: 17      Spells: 3/3 levels left

rFire   + .          .
                       - Unarmed
rCold   + . .        (no shield)
rNeg    . . .        k - melded +0 leather armour
rPois   +            (helmet currently unavailable)
rElec   +            (cloak currently unavailable)
rCorr   +            (gloves currently unavailable)
SInv    .            (boots currently unavailable)
Will    .....        (no amulet)
Stlth   ++           (no ring)
HPRegen 0.28/turn    (no ring)
MPRegen 0.10/turn

%: no passive effects
@: tree-form, resistant
A: stationary, stasis, torment immunity, boosted hp, high MP 1, forlorn, divine
attributes
a: no special abilities


You were on level 2 of the Dungeon.
You were a tree.
You visited 1 branch of the dungeon, and saw 2 of its levels.

You collected 18 gold pieces.

Inventory:

Hand Weapons
 g - a +0 sling
Missiles
 e - 22 stones (quivered)
Armour
 a - a +0 animal skin
 f - an orb of guile
 k - a +0 leather armour (melded)
Talismans
 c - a beast talisman (active)
 d - a flux talisman
Scrolls
 j - 2 scrolls of amnesia
Potions
 i - a potion of mutation


   Skills:
 - Level 0.8 Fighting
 + Level 1.5 Throwing
 - Level 1.7 Dodging
 * Level 4.8 Unarmed Combat
 - Level 2.6 Shapeshifting


You had 3 spell levels left.
You didn't know any spells.
Your spell library was empty.

Dungeon Overview and Level Annotations

Branches:
Dungeon (2/15)

Shops:
D:1 [


Innate Abilities, Weirdness & Mutations

You are a tree.
Your roots penetrate the ground, keeping you stationary.
You cannot be teleported.
You are immune to unholy pain and torment.
Your maximum health is greatly increased.
Your equipment is partially melded.
You have an increased reservoir of magic. (+10% MP)
You shall have no god before yourself.
Your divine heritage dramatically boosts your attributes as you level up.


Message History

Natasha is lightly wounded.
Natasha claws you but does no damage.
The cerulean imp hits you from afar with a +2 spear.
It was a potion of resistance.
You feel protected. Natasha closely misses you.
The cerulean imp hits you from afar with a +2 spear.
* * * LOW HITPOINT WARNING * * *
It was a potion of degeneration.
There was something very wrong with that liquid.
You feel weakened.
You feel dopey.
You feel clumsy.
Natasha howls an incantation.
Natasha shimmers violently.
Natasha barely misses you.
The cerulean imp hits you from afar with a +2 spear.
* * * LOW HITPOINT WARNING * * *
It was a potion of curing.
You feel better.
Natasha stares at you and mumbles some strange words.
The magic dart hits you.
* * * LOW HITPOINT WARNING * * *
The cerulean imp hits you from afar with a +2 spear.
* * * LOW HITPOINT WARNING * * *
Unknown command.
Your transformation has ended.
You turn into a tree.
Your +0 leather armour melds into your body.
Your roots penetrate the ground.
Natasha claws you.
* * * LOW HITPOINT WARNING * * *
The cerulean imp hits you but does no damage.
You smack Natasha!
You kill Natasha!
Natasha growls in agony!
The cerulean imp disappears in a puff of smoke!
You feel your dexterity returning.
You closely miss the hobgoblin.
The endoplasm quivers.
Your punch misses the hobgoblin. The hobgoblin hits you.
* * * LOW HITPOINT WARNING * * *
You barely miss the hobgoblin. The hobgoblin hits you.
You die...

... # .!... #.
######...... ##..
#...........# .....
#...........#
......##...(.......#
......g♣...........#
......##...........#
..... #...........#
.... #.>.........#
... #....†......# .J
#...........# .
#######.##### #.#
#.#


You could see an endoplasm and a hobgoblin.

Vanquished Creatures
  Natasha (twice) (D:2)
  2 dart slugs
  6 bats
  4 endoplasms (D:1)
  2 giant cockroaches (D:1)
  5 goblins
  4 hobgoblins (D:1)
  3 jackals (D:1)
  2 quokkas (D:1)
  2 ball pythons (D:1)
  3 frilled lizards
  4 kobolds
  3 rats
42 creatures vanquished.

Notes
Turn   | Place    | Note
-------+----------+-------------------------------------------
     0 | D:1      | eruonna the Demigod Shapeshifter began the quest for the
                  | Orb.
     0 | D:1      | Reached XP level 1. HP: 15/15 MP: 3/3
    47 | D:1      | Reached skill level 3 in Unarmed Combat
   124 | D:1      | Reached XP level 2. HP: 22/22 MP: 4/4
   198 | D:1      | You fall into a shaft and drop 1 floor!
   401 | D:1      | Found Pyloj's Antique Armour Boutique.
   423 | D:1      | Reached XP level 3. HP: 27/27 MP: 5/5
   481 | D:1      | Reached skill level 4 in Unarmed Combat
  1396 | D:2      | Noticed Natasha
  1418 | D:2      | Killed Natasha
  1419 | D:2      | Reached skill level 1 in Throwing
  1419 | D:2      | Reached XP level 4. HP: 12/34 MP: 6/6
  1524 | D:2      | Noticed Natasha
  1539 | D:2      | Killed Natasha
  1541 | D:2      | HP: 2/51 [hobgoblin (3)]
  1542 | D:2      | Slain by a hobgoblin

Illustrated notes

Levels and vault maps discovered:
D:1:      mainiacjoe_arrival_reflecting_pool, layout_loops_corners,
          serial_shops, shop
D:2:      layout_basic, uniq_natasha, uniq_terence

Skill      XL: |  1  2  3 |
---------------+----------+-----
Unarmed Combat | 3 4 |  4.8
Throwing       | 1 |  1.5
Fighting       | |  0.8
Dodging        | |  1.7
Shapeshifting  | |  2.6

Action                     |  1- 3 |  4- 6 || total
---------------------------+-------+-------++-------
  Melee: Unarmed           |   114 |     9 ||   123
         Punch             |     5 |       ||     5
  Throw: Stone             |     6 |     6 ||    12
    Use: Scroll            |     4 |       ||     4
         Potion            |       |     4 ||     4
   Stab: Sleeping          |     4 |       ||     4
 Armour: Animal skin       |    10 |       ||    10
         Leather armour    |    32 |    14 ||    46
         Skin              |       |     4 ||     4
  Dodge: Dodged            |    64 |     4 ||    68

Table legend: (Time is in decaauts)
 A = Elapsed time spent in this place.
 B = Non-inter-level travel time spent in this place.
 C = Inter-level travel time spent in this place.
 D = Time resting spent in this place.
 E = Time spent auto-exploring this place.
 F = Levels seen in this place.
 G = Mean time per level.
                   A        B        C        D        E       F      G
               +--------+--------+--------+--------+--------+-----+--------+
         Total |   1532 |   1505 |     27 |    102 |    909 |   2 |  766.0 |
       Dungeon |   1532 |   1505 |     27 |    102 |    909 |   2 |  766.0 |
               +--------+--------+--------+--------+--------+-----+--------+

Top non-repeatable levels by time:
     D:1: 1207 daAuts
     D:2: 325 daAuts
